 Dungeon Crawl Stone Soup version 0.28.0 (webtiles) character file.

Game seed: 15553773747472647154

10 inmateoo the Insei (level 2, -2/23 HPs)
             Began as a Gnoll Transmuter on Feb 12, 2022.
             Slain by a gnoll (5 damage)
             ... on level 1 of the Dungeon.
             The game lasted 00:01:07 (567 turns).

inmateoo the Insei (Gnoll Transmuter)                Turns: 567, Time: 00:01:07

Health: -2/23      AC:  2    Str:  9    XL:     2   Next: 20%
Magic:  5/7        EV: 13    Int: 12    God:
Gold:   47         SH:  0    Dex: 12    Spells: 9/10 levels left

rFire   . . .      SeeInvis .     - Unarmed
rCold   . . .      Faith    .   (no shield)
rNeg    . . .      Spirit   .   a - +0 robe
rPois   .          Reflect  .   (helmet currently unavailable)
rElec   .          Harm     .   (no cloak)
rCorr   .          Rampage  .   (no gloves)
Will    .....                   (boots currently unavailable)
Stlth   +.........              (no amulet)
HPRegen 0.07/turn               (no ring)
MPRegen 0.10/turn               (no ring)

@: mighty, brilliant, appendages
A: horns 2, talons 2, fangs 1, strong nose, distributed training
a: End Transformation


You were on level 1 of the Dungeon.
You had temporarily grown beastly horns and talons.
You visited 1 branch of the dungeon, and saw 1 of its levels.

You collected 47 gold pieces.

Inventory:

Missiles
 g - 4 datura-tipped darts (quivered)
Armour
 a - a +0 robe (worn)
 e - a +0 helmet (melded)
Scrolls
 b - a scroll of vulnerability {unknown}
 c - 2 scrolls of teleportation {unknown}


   Skills:
 + Level 2.4 Fighting
 + Level 0.3 Short Blades
 + Level 0.3 Long Blades
 + Level 0.3 Axes
 + Level 0.3 Maces & Flails
 + Level 0.3 Polearms
 + Level 0.3 Staves
 + Level 0.3 Slings
 + Level 0.3 Bows
 + Level 0.3 Crossbows
 + Level 0.3 Throwing
 + Level 0.3 Armour
 + Level 4.4 Dodging
 + Level 0.3 Stealth
 + Level 0.3 Shields
 + Level 6.4 Unarmed Combat
 + Level 4.9 Spellcasting
 + Level 0.2 Conjurations
 + Level 0.2 Hexes
 + Level 0.2 Summonings
 + Level 0.2 Necromancy
 + Level 0.2 Translocations
 + Level 3.7 Transmutations
 + Level 0.2 Fire Magic
 + Level 0.2 Ice Magic
 + Level 0.2 Air Magic
 + Level 0.2 Earth Magic
 + Level 0.2 Poison Magic
 + Level 0.4 Invocations
 + Level 0.3 Evocations


You had 9 spell levels left.
You knew the following spells:

 Your Spells              Type           Power      Damage    Failure   Level
a - Beastly Appendage     Tmut           34%        N/A       4%          1

Your spell library contained the following spells:

 Spells                   Type           Power      Damage    Failure   Level
 Wereblood                Tmut           17%        N/A       7%          2
 Spider Form              Tmut/Pois      11%        N/A       26%         3
 Ice Form                 Ice/Tmut       11%        N/A       65%         4


Dungeon Overview and Level Annotations

Branches:
Dungeon (1/15)

Altars:


Innate Abilities, Weirdness & Mutations

You have temporarily grown beastly horns and talons.
You have very sharp teeth.
Your uncanny sense of smell can sniff out nearby items.
Your experience applies equally to all skills.


Message History

Your +0 helmet unmelds from your body.
Throw: 6 darts (datura)
Press: ? - help, Q - select action, (/) - cycle Shift-Dir - straight line, f - hobgoblin
Aim: a hobgoblin (57% to hit, chance to frenzy on hit: 100%)
You throw a datura-tipped dart.
The datura-tipped dart hits the frilled lizard.
The frilled lizard flies into a frenzy!
The frilled lizard bites you but does no damage.
The frilled lizard barely misses the gnoll.
The gnoll closely misses the frilled lizard.
The frilled lizard closely misses the gnoll.
The frilled lizard closely misses the gnoll.
The gnoll hits the frilled lizard with a +0 spear!
The frilled lizard dies!
Throw: 5 darts (datura)
Press: ? - help, Q - select action, (/) - cycle Shift-Dir - straight line, f/p - hobgoblin
Aim: a hobgoblin (57% to hit, chance to frenzy on hit: 100%)
You throw a datura-tipped dart. The datura-tipped dart hits the gnoll.
The gnoll flies into a frenzy!
The gnoll hits the hobgoblin with a +0 spear!
The hobgoblin dies!
The gnoll hits you with a +0 spear! The gnoll hits you with a +0 spear.
Casting: Beastly Appendage (safe; 4% risk of failure)
Confirm with . or Enter, or press ? or * to list all spells.
You grow a pair of large bovine horns.
Your feet morph into talons.
Your +0 helmet melds into your body.
The gnoll misses you.
Casting: Beastly Appendage (safe; 4% risk of failure)
Confirm with . or Enter, or press ? or * to list all spells.
You fail to extend your transformation any further.
The gnoll hits you with a +0 spear!
* * * LOW HITPOINT WARNING * * *
The gnoll hits you but does no damage.
You closely miss the gnoll. The gnoll closely misses you.
It was a potion of brilliance.
You feel clever all of a sudden. The gnoll barely misses you.
It was a potion of might.
You feel very mighty all of a sudden. The gnoll hits you with a +0 spear.
You die...

#..#######.#........######
#..............###..#
#.########.###.# #..# #.#
#.# #.# #..# #.## #.# #.#
#..###### #..#
##.###.###........ ##.#
#.......)....##### #.#
#.#########.## #.# #@#
###.# #.# #g# ##...## #.#
#(# ####.....## #.#
#(###.#.......## #.#
#.##...........# #.#
#.###.#....†...#
#.######....).......#.###
#.........g..#.#.........
##############.##........


You could see a neutral gnoll (fast, strong, insane).

Vanquished Creatures
  A dart slug (D:1)
  An endoplasm (D:1)
  2 hobgoblins (D:1)
  2 bats (D:1)
6 creatures vanquished.

Vanquished Creatures (collateral kills)
  A hobgoblin (D:1)
1 creature vanquished.

Vanquished Creatures (others)
  A frilled lizard (D:1)
1 creature vanquished.

Grand Total: 8 creatures vanquished

Notes
Turn   | Place    | Note
-------+----------+-------------------------------------------
     0 | D:1      | inmateoo the Gnoll Transmuter began the quest for the Orb.
     0 | D:1      | Reached XP level 1. HP: 17/17 MP: 6/6
   329 | D:1      | Found a faded altar of an unknown god.
   521 | D:1      | Reached XP level 2. HP: 22/23 MP: 5/7
   567 | D:1      | Slain by a gnoll

Illustrated notes

Levels and vault maps discovered:
D:1:      dpeg_arrival_fog, layout_loops_ring, shapermc_ecumenical_altar_venn,
          ebering_dispersal_statue_hall

Action                   || total
-------------------------++-------
Melee: Unarmed           ||    13
       Headbutt          ||     2
       Kick              ||     1
       Punch             ||     1
Throw: Dart              ||     2
 Cast: Beastly Appendage ||     7
  Use: Potion            ||     2
Armor: Robe              ||     6
Dodge: Dodged            ||    14
